 Dungeon Crawl Stone Soup version 0.29.1-1-gd02db6906a (webtiles) character file.

Game seed: 12789942372444654785

9 hawla the Gusty (level 2, 0/20 HPs)
             Began as a Meteoran Air Elementalist on Oct 13, 2022.
             Slain by a bat (1 damage)
             ... on level 1 of the Dungeon.
             The game lasted 00:01:01 (241 turns).

hawla the Gusty (Meteoran Air Elementalist)          Turns: 241, Time: 00:01:01

Health: 0/20       AC:  2    Str:  9    XL:     2   Next: 35%
Magic:  0/6        EV: 12    Int: 16    God:
Gold:   10         SH:  0    Dex: 14    Spells: 5/6 levels left

rFire   . . .      SeeInvis .   (no weapon)
rCold   . . .      Faith    .   (no shield)
rNeg    . . .      Spirit   .   a - +0 robe
rPois   .          Reflect  .   (no helmet)
rElec   .          Harm     .   (no cloak)
rCorr   .          Rampage  .   (no gloves)
Will    .....                   (no boots)
Stlth   +.........              (no amulet)
HPRegen 0.06/turn               (no ring)
MPRegen 0.10/turn               (no ring)

@: very slightly contaminated, glowing
A: sense surroundings 1, otherworldly, glowing, explore regen
a: no special abilities


You were on level 1 of the Dungeon.
You visited 1 branch of the dungeon, and saw 1 of its levels.

You collected 10 gold pieces.

Inventory:

Armour
 a - a +0 robe (worn)
Scrolls
 d - a scroll of identify {unknown}
 f - 2 scrolls of noise {unknown}
Potions
 b - a potion of magic
 c - a potion of brilliance {unknown}
 e - a potion of mutation {unknown}


   Skills:
 + Level 2.5 Dodging
 - Level 1.4 Stealth
 + Level 2.9 Spellcasting
 + Level 1.3 Conjurations
 + Level 4.1 Air Magic


You had 5 spell levels left.
You knew the following spells:

 Your Spells              Type           Power      Damage    Failure   Level
a - Shock                 Conj/Air       44%        1d5       6%          1

Your spell library contained the following spells:

 Spells                   Type           Power      Damage    Failure   Level
 Static Discharge         Conj/Air       11%        3-5/arc   10%         2
 Swiftness                Air            15%        N/A       11%         3
 Airstrike                Air            7%         2d(2-18)  34%         4


Dungeon Overview and Level Annotations

Branches:
Dungeon (1/15) Zot: 358

Altars:


Innate Abilities, Weirdness & Mutations

You passively map a small area around you.
You are easily found by Zot.
You glow in the dark.
You regain HP and MP as you explore.


Message History

A ball python comes into view.
The ball python hisses angrily.
Casting: Shock (safe; 6% risk of failure)
Confirm with . or Enter, or press ? or * to list all spells.
Aiming: Shock (safe; 6% risk of failure)
Press: ? - help, Shift-Dir - straight line, f/p - quokka
Aim: a quokka (56% to hit)
You miscast Shock.
You are very lightly contaminated with residual magic.
Nothing appears to happen.
The quokka completely misses you. The quokka barely misses you.
The quokka attacks as you move away! The quokka bites you.
The quokka attacks as you move away! The quokka barely misses you.
Found a stone staircase leading down.
The quokka attacks as you move away! The quokka bites you.
* * * LOW HITPOINT WARNING * * *
A bat comes into view.
Found 3 boomerangs.
The bat hits you but does no damage.
Casting: Shock (safe; 6% risk of failure)
Confirm with . or Enter, or press ? or * to list all spells.
Aiming: Shock (safe; 6% risk of failure)
Press: ? - help, Shift-Dir - straight line, f/p - quokka
Aim: a quokka (56% to hit)
The zap hits the quokka.
The quokka is severely wounded.
The zap hits the ball python.
You kill the ball python!
The bat closely misses you. The quokka barely misses you.
The quokka closely misses you.
Casting: Shock (safe; 6% risk of failure)
Confirm with . or Enter, or press ? or * to list all spells.
Aiming: Shock (safe; 6% risk of failure)
Press: ? - help, Shift-Dir - straight line, f/p - quokka
Aim: a quokka (heavily wounded, 56% to hit)
The zap hits the quokka.
The quokka is severely wounded.
The quokka bites you.
* * * LOW HITPOINT WARNING * * *
The bat hits you.
You die...

, * , ,, #.##... ##
** #...... .#, #
#....>., .# ###
#...#.###.#,# ##..
#.(.#.#!..#.# #...
#...#...... ,, *#...
#..b#.##.#########...
#...@r..........?##..
##.......#######.####
#.........#.....# #
#......#..).#####
#......##.#....# *
#########.#.##.## #
####.#...... #
#....#.##.###.#
#....#........#


You could see a quokka and a bat.

Vanquished Creatures
  An endoplasm (D:1)
  A giant cockroach (D:1)
  A goblin (D:1)
  A hobgoblin (D:1)
  A ball python (D:1)
  2 bats (D:1)
  A kobold (D:1)
8 creatures vanquished.

Notes
Turn   | Place    | Note
-------+----------+-------------------------------------------
     0 | D:1      | hawla the Meteoran Air Elementalist began the quest for the
                  | Orb.
     0 | D:1      | Reached XP level 1. HP: 14/14 MP: 5/5
   103 | D:1      | Reached skill level 4 in Air Magic
   103 | D:1      | Reached XP level 2. HP: 17/20 MP: 0/6
   241 | D:1      | HP: 1/20 [quokka (5)]
   241 | D:1      | Slain by a bat

Illustrated notes

Levels and vault maps discovered:
D:1:      dpeg_arrival_three_same_balls, layout_basic

Skill      XL: |  1 |
---------------+----+-----
Air Magic      | 4 |  4.1
Dodging        | |  2.5
Stealth        | |  1.4
Spellcasting   | |  2.9
Conjurations   | |  1.3

Action                   || total
-------------------------++-------
Melee: Unarmed           ||     4
 Cast: Shock             ||    23
Armor: Robe              ||     3
Dodge: Dodged            ||    17
